Map: Dusk Towers

Players

Miszu - Winner!

  • Race: Terran Terran
  • League: Master

DelaSomBra

  • Race: Zerg Zerg
  • League: Master

VOD

Have the link to the VOD?

Description

Time

  • Played on: April 1, 2016, 5:14 p.m.
  • Length: 9:47
Show
View Real Time Build Order
Export as new Build Order

Miszu Terran - Winner!

Build Orders: MMM Bio 

Get SALT Encoding   

  12  0:00  SCV  
  13  0:13  SCV  
  14  0:17  Supply Depot  
  14  0:25  SCV  
  15  0:39  SCV  
  15  0:40  Barracks  
  16  0:44  Refinery  
  16  0:51  SCV  
  17  1:03  SCV  
  18  1:15  SCV  
  19  1:27  Orbital Command  
  19  1:29  Barracks Reactor  
  19  1:39  Command Center  
  19  1:53  SCV  
  20  1:54  Supply Depot  
  20  2:05  Reaper, SCV  
  20  2:06  Reaper  
  23  2:18  SCV  
  24  2:26  Command Center  
  24  2:30  SCV  
  25  2:41  Reaper x2  
  25  2:42  SCV  
  25  2:51  Orbital Command  
  28  2:54  SCV  
  29  2:59  Refinery  
  29  3:06  SCV  
  30  3:17  SCV  
  30  3:18  SCV  
  30  3:19  Reaper x2  
  33  3:26  Barracks  
  33  3:27  Barracks  
  33  3:30  SCV x2  
  35  3:40  Orbital Command  
  35  3:42  SCV x2  
  37  3:50  Factory  
  37  3:51  Refinery  
  37  3:53  Refinery  
  37  3:54  SCV x2  
  39  4:03  Engineering Bay  
  39  4:04  Engineering Bay  
  39  4:06  SCV x2  
  41  4:11  Marine  
  41  4:13  Orbital Command  
  41  4:14  Marine  
  41  4:15  Barracks Tech Lab  
  41  4:16  Barracks Tech Lab  
  43  4:18  SCV x2  
  45  4:29  Marine  
  45  4:30  SCV  
  45  4:31  SCV  
  48  4:32  Marine  
  48  4:35  Factory Reactor  
  48  4:36  Stimpack  
  48  4:37  Starport  
  48  4:38  Marine  
  50  4:39  Marine  
  50  4:42  SCV  
  50  4:43  SCV  
  50  4:44  SCV  
  54  4:48  Terran Infantry Weapons Level 1, Terran Infantry Armor Level 1  
  54  4:54  Supply Depot, SCV  
  54  4:55  SCV  
  54  4:56  Supply Depot, SCV  
  54  4:59  Marine x2  
  58  5:00  Marine x2  
  61  5:10  SCV, Combat Shields  
  61  5:12  SCV  
  61  5:16  SCV  
  61  5:17  Supply Depot, Marine  
  61  5:19  Supply Depot  
  61  5:20  Missile Turret  
  63  5:22  SCV  
  63  5:24  SCV, Missile Turret  
  65  5:28  SCV  
  65  5:31  Marine x2  
  65  5:33  Marine  
  65  5:34  SCV  
  65  5:35  Factory Reactor  
  70  5:38  Missile Turret  
  70  5:42  Medivac  
  72  5:43  Medivac  
  73  5:51  SCV x3  
  73  5:54  Marine x3  
  73  5:55  Marine  
  79  6:01  Supply Depot  
  79  6:03  SCV x3  
  82  6:06  Missile Turret  
  82  6:12  Supply Depot, Marine x3  
  82  6:14  Armory  
  82  6:15  SCV  
  82  6:16  Marine  
  82  6:17  Widow Mine  
  82  6:18  Widow Mine  
  91  6:34  Marine x2  
  91  6:35  Marine x2  
  91  6:38  Medivac  
  91  6:39  Barracks, SCV  
  98  6:40  Barracks, SCV  
  98  6:41  Barracks, SCV  
  98  6:49  Widow Mine x2  
  98  6:51  SCV  
  98  6:52  Marine x2, SCV  
  98  6:54  Supply Depot  
  106  6:55  Supply Depot, SCV  
  107  7:01  Supply Depot  
  107  7:02  Marine x2  
  109  7:13  Marine  
  109  7:15  Terran Infantry Armor Level 2, Terran Infantry Weapons Level 2  
  106  7:18  Marine  
  106  7:19  Marine  
  106  7:20  Marine  
  99  7:31  Barracks Reactor, Marine  
  99  7:32  Barracks Reactor  
  99  7:33  Barracks Reactor, Widow Mine x2  
  99  7:34  Medivac x2  
  99  7:35  Marine  
  99  7:36  SCV x2  
  104  7:37  Marine x2  
  104  7:40  Supply Depot  
  104  7:42  Supply Depot  
  106  7:49  Marine  
  99  7:53  Marine  
  99  7:55  Marine x2  
  102  8:00  Barracks  
  102  8:01  Barracks  
  102  8:04  Medivac x2  
  99  8:06  Marine x2  
  99  8:07  Marine  
  99  8:08  Marine  
  99  8:10  Marine x3  
  99  8:11  Marine  
  107  8:13  Marine x2  
  105  8:24  Marine x3  
  105  8:26  Marine  
  109  8:27  Supply Depot x2  
  109  8:28  Marine x3  
  109  8:29  Marine  
  109  8:31  Marine x2, Widow Mine x2  
  109  8:34  Medivac x2  
  123  8:42  Marine x3  
  123  8:44  Marine  
  123  8:46  Marine x3  
  123  8:47  Marine  
  131  8:49  Marauder x2  
  131  8:54  Marine x2  
  131  9:00  Marine x3, Widow Mine  
  131  9:02  Marine  
  135  9:03  Marine  
  135  9:04  Marine x2, Medivac x2  
  135  9:05  Marine  
  143  9:10  Marauder  
  143  9:11  Marauder  
  143  9:12  Marine x2  
  143  9:16  Supply Depot  
  149  9:17  Supply Depot x2  
  149  9:18  Marine x3  
  149  9:19  Marine  
  153  9:24  Marine  
  153  9:25  Marine x3  
Show
View Real Time Build Order
Export as new Build Order

DelaSomBra Zerg 

Build Orders: Hatch First, Muta Ling Bane 

Get SALT Encoding   

  12  0:00  Drone  
  13  0:08  Drone  
  14  0:20  Extractor, Drone  
  14  0:21  Extractor, Drone  
  16  0:43  Hatchery  
  16  0:47  Overlord  
  15  1:01  Spawning Pool  
  14  1:05  Drone  
  14  1:09  Drone  
  16  1:13  Drone  
  16  1:16  Drone  
  18  1:19  Extractor  
  17  1:28  Drone  
  18  1:39  Drone  
  19  1:48  Queen  
  19  1:49  Drone  
  22  1:57  Queen  
  22  1:58  Drone  
  22  2:00  Zergling x2  
  27  2:08  Drone  
  27  2:13  Zergling x2  
  28  2:19  Overlord  
  28  2:25  Extractor  
  27  2:31  Lair  
  27  2:36  Queen  
  29  2:40  Drone x2  
  29  2:41  Overlord  
  29  2:42  Drone  
  32  2:47  Drone  
  33  2:58  Drone x2  
  35  3:00  Metabolic Boost  
  35  3:20  Drone x3  
  35  3:22  Drone x2  
  35  3:25  Extractor  
  39  3:34  Spire, Drone x2  
  41  3:35  Drone x3  
  43  3:41  Extractor  
  43  3:48  Drone  
  43  3:49  Drone  
  44  3:55  Overlord x2  
  44  4:14  Drone x2  
  46  4:18  Drone x6  
  52  4:27  Overlord  
  52  4:36  Hatchery  
  51  4:41  Overseer  
  51  4:50  Zerg Flyer Weapons Level 1  
  51  4:51  Mutalisk x5  
  60  5:11  Mutalisk x2  
  64  5:24  Overlord x3  
  63  5:34  Mutalisk x2  
  67  5:36  Drone  
  67  5:40  Evolution Chamber  
  67  5:41  Baneling Nest, Evolution Chamber  
  63  6:05  Drone x2  
  63  6:06  Drone x9  
  63  6:07  Drone x2  
  63  6:10  Zerg Ground Armor Level 1  
  63  6:11  Zerg Melee Weapons Level 1  
  76  6:19  Mutalisk x3  
  76  6:21  Hatchery  
  81  6:28  Zergling x6  
  81  6:29  Extractor, Zergling x2  
  81  6:32  Extractor  
  83  6:43  Zergling x8  
  83  6:44  Zergling x6  
  90  6:51  Overlord x2  
  90  6:52  Overlord x2  
  90  6:54  Zerg Flyer Weapons Level 2  
  89  7:09  Zergling x2  
  89  7:10  Zergling x2  
  83  7:22  Zergling x12  
  74  7:28  Drone x3  
  74  7:29  Drone x2  
  69  7:34  Drone  
  69  7:37  Zergling x6  
  69  7:38  Zergling x8  
  69  7:41  Centrifical Hooks  
  76  7:45  Overseer x2  
  71  7:52  Baneling x4  
  71  7:53  Zergling x12  
  72  8:08  Zergling x12  
  78  8:23  Drone x2  
  78  8:24  Drone x3  
  83  8:29  Baneling x4  
  83  8:42  Mutalisk x2  
  83  8:43  Mutalisk x2  
  91  8:53  Zergling x2  
  91  8:54  Zergling x12  
  88  8:59  Zergling x6  
  91  9:06  Mutalisk x2  
  91  9:08  Overseer  
  95  9:15  Baneling x3  
  95  9:21  Zergling x10  
  100  9:24  Baneling x3  
Tags
 
Add a new tag
Caveats
  • Supply blocks, unpowered buildings, or Contaminate may cause inaccurate times.
  • Supply counts are checked every 10 seconds.